[Event "*** SCC Grand Prix: Titled Tuesday Blitz"]
[Site "Chess.com"]
[Date "2020.10.06"]
[Round "3"]
[White "Fighter008"]
[Black "Forantes"]
[Result "1-0"]
[WhiteElo "2623"]
[BlackElo "2424"]
[TimeControl "180+1"]
[EndTime "10:28:12 PDT"]
[Termination "Fighter008 won by checkmate"]

1. e4 c5 2. Nf3 Nc6 3. Bb5 a6 4.
Bxc6 dxc6 5. O-O Qc7 6. h3 e5 7.
d3 Bd6 8. Nbd2 Ne7 9. a4 a5 10. Nc4 Ng6 11. Be3 O-O 12. Nfd2 Be6 13. Qe2 b6 14. b3 Be7 15. Nf3 f6 16. Bd2 Rfd8 17.
Nh2 Rab8 18. Ng4 Qd7 19. Nh2 Nf4 20. Bxf4 exf4 21. Qf3 Qc7 22. Rfe1 b5 23. Nd2 Bd6 24.
Ng4 Kh8 25. Kh1 Bf7 26. Qe2 h5 27. Nh2 Be5 28. Ra2 Bc3 29. Rd1 g6 30. Nb1 Be5 31.
Nf3 Kg7 32. Nbd2 Bc3 33. Nf1 c4 34. bxc4 bxc4 35. d4 Bb4 36. e5 c3 37. Raa1 Re8 38. Qe4 g5 39. Qf5 Qe7 40. h4 g4 41. exf6+ Qxf6 42. Qxf6+ Kxf6 43. Ne5 Bd5 44. Nd7+ Kf7 45. Nxb8 Rxb8 46.
Re1 Rg8 47. Re5 Bd6 48. Rxh5 Re8 49. Rf5+ Kg6 50. Rg5+ Kh6 51. Rxg4 Re2 52. Rc1 Ba3 53. Rb1 Rxc2 54. Rb8 Be4 55. Rxf4 Bd3 56. Ng3 Bd6 57. Rf6+ Kg7 58. Re6 Rc1+ 59. Kh2 c2 60. Rxd6 Rh1+ 61.
Nxh1 c1=Q 62. Rb7+ Kf8 63. Rd8# 1-0

[Event "*** SCC Grand Prix: Titled Tuesday Blitz"]
[Site "Chess.com"]
[Date "2020.10.06"]
[Round "3"]
[White "Orest_Vovk"]
[Black "Me_ch_an"]
[Result "0-1"]
[WhiteElo "2449"]
[BlackElo "2341"]
[TimeControl "180+1"]
[EndTime "10:28:13 PDT"]
[Termination "Me_ch_an won by checkmate"]

1. h4 e5 2. h5 h6 3. Nc3 Nc6 4. Nf3 d5 5. e4 Nf6 6. exd5 Nxd5 7. Bc4 Be6 8. Nxd5 Bxd5 9. Qe2 Qd6 10. Rh4 Be7 11.
Bxd5 Qxd5 12. Qc4 O-O-O 13. Qxd5 Rxd5 14. Rg4 Rg8 15. a3 f5 16. Rc4 e4 17. Ng1 Ne5 18.
Ra4 Kb8 19. Ne2 Nc6 20. Nf4 Rc5 21. c4 Nd4 22. Rb1 Bg5 23. Ne2 Nb3 24. Rb4 Na5 25. b3 Rd8 26. Nc3 c6 27. Na4 Re5 28.
Nc3 a6 29. Ke2 Kc7 30. Nd1 c5 31.
Ra4 Nc6 32. b4 Nd4+ 33. Kf1 Rd6 34. bxc5 Rxc5 35. Ne3 Bxe3 36. dxe3 Ne6 37. Bb2 Rdc6 38. Be5+ Rxe5 39. Rbb4 Rec5 40. g3 Rd6 41. Kg2 Nd8 42.
Rb1 Nc6 43. Rb2 Ne5 44. g4 Rxc4 45. Rab4 Rxb4 46. Rxb4 Nxg4 47. Rc4+ Kd7 48. Kg3 Nf6 49. Kf4 b5 50. Rc1 Rd5 51. Rh1 a5 52. Rg1 Nxh5# 0-1

[Event "*** SCC Grand Prix: Titled Tuesday Blitz"]
[Site "Chess.com"]
[Date "2020.10.06"]
[Round "3"]
[White "Aygehovit1992"]
[Black "Durarbayli"]
[Result "0-1"]
[WhiteElo "2631"]
[BlackElo "2816"]
[TimeControl "180+1"]
[EndTime "10:28:14 PDT"]
[Termination "Durarbayli won by resignation"]

1. Nf3 Nf6 2. g3 b6 3. Bg2 Bb7 4. O-O e6 5. b3 Be7 6. Bb2 O-O 7. c4 c5 8. Nc3 d6 9. d4 cxd4 10. Qxd4 a6 11. Rad1 Nbd7 12. e4 Qc7 13. Rfe1 Rac8 14. e5 dxe5 15. Nxe5 Bxg2 16. Kxg2 Bc5 17. Qf4 Nxe5 18.
Qxe5 Qxe5 19. Rxe5 Bxf2 20. Re2 Bc5 21. Na4 Rfd8 22.
Rxd8+ Rxd8 23. Nxc5 bxc5 24. Ba3 Rc8 25. Rd2 Ne4 26.
Rd7 g5 27. Kf3 Nc3 28. Kg4 Nxa2 29. Kxg5 Nc3 30. Bb2 Ne4+ 31. Kf4 Nf2 32. Rd2 Nh3+ 33. Kg4 Ng1 34. Rg2 f5+ 35. Kf4 Nh3+ 36. Ke5 Kf7 37. g4 f4 38. Bc1 f3 39. Rg3 f2 40. Rf3+ Kg8 41. Be3 Rf8 42. Rxf8+ Kxf8 43. Bxc5+ Kf7 44. Bxf2 Nxf2 45. Kd6 Nxg4 46. c5 Nf6 47. c6 Ne8+ 48. Kd7 e5 49. c7 Nxc7 50. Kxc7 e4 51. Kb6 e3 52. Kxa6 e2 53. b4 e1=Q 54. b5 Qe2 0-1

[Event "*** SCC Grand Prix: Titled Tuesday Blitz"]
[Site "Chess.com"]
[Date "2020.10.06"]
[Round "3"]
[White "Margency"]
[Black "tigra"]
[Result "0-1"]
[WhiteElo "2644"]
[BlackElo "2827"]
[TimeControl "180+1"]
[EndTime "10:28:16 PDT"]
[Termination "tigra won by resignation"]

1. e4 c5 2. Nf3 d6 3. d4 cxd4 4. Nxd4 Nf6 5. Nc3 a6 6. Be3 e6 7. f3 b5 8. Qd2 Nbd7 9. O-O-O Qc7 10. Bxb5 axb5 11. Ndxb5 Qc6 12. Nxd6+ Qxd6 13. Qxd6 Bxd6 14. Rxd6 Nb8 15. Rhd1 Nfd7 16. b3 Ke7 17. a4 Ba6 18. Kb2 Rc8 19. Na2 Be2 20. R1d2 Bf1 21. R6d4 h6 22. Rf2 Ba6 23. Nb4 Nc6 24. Nxc6+ Rxc6 25. Rfd2 Ra7 26. Rb4 Rac7 27. a5 g5 28. c4 Rc8 29. Ka3 f6 30. Rd3 Ne5 31. Rc3 Nd7 32. Kb2 h5 33. h3 h4 34. Ra4 e5 35. Ra1 Ke6 36. Rac1 f5 37. Bxg5 fxe4 38. Bxh4 Nc5 39. fxe4 Nxe4 40. Re3 Nd6 41. Rce1 Rc5 42. Bg3 Nf7 43.
Ka3 Rb8 44. Rc1 Rxa5+ 45. Kb2 Rc5 46. Kc3 Rbc8 47. Kb2 R5c6 48. Ra1 Rb8 49. Ra5 Bxc4 50. Bxe5 Rb7 51. Bc3+ Kd7 52. Rf3 Bxb3 53. Rxf7+ Bxf7+ 54. Kc1 Rxc3+ 55. Kd2 Rc6 0-1

[Event "*** SCC Grand Prix: Titled Tuesday Blitz"]
[Site "Chess.com"]
[Date "2020.10.06"]
[Round "3"]
[White "PotapovaM"]
[Black "zmeeed67"]
[Result "1-0"]
[WhiteElo "2560"]
[BlackElo "2377"]
[TimeControl "180+1"]
[EndTime "10:28:16 PDT"]
[Termination "PotapovaM won by resignation"]

1. d4 Nc6 2. Nf3 d6 3. g3 Bg4 4.
Bg2 e5 5. dxe5 dxe5 6. Qxd8+ Rxd8 7. c3 Nf6 8. O-O Be7 9. Na3 O-O 10. Nc4 Nd7 11.
h3 Be6 12. Ncd2 h6 13. b3 f5 14. e4 f4 15. gxf4 exf4 16. Nd4 Bf7 17. Nxc6 bxc6 18. Nf3 Bg6 19. Nd4 c5 20. Ne6 f3 21. Bh1 Bxe4 22. Re1 Bc6 23. Nxf8 Bxf8 24. Re3 Bd6 25. Bxf3 Bxf3 26.
Rxf3 Ne5 27. Rg3 Kh7 28. Be3 Rf8 29. Kg2 a5 30. Rd1 c4 31. Bd4 Ng6 32. Rg4 h5 33. Rg5 Kh6 34. Rxa5 Nf4+ 35. Kf1 cxb3 36. axb3 Nxh3 37.
Be3+ g5 38. Rdd5 Rg8 39. b4 Bf4 40. Ra6+ Bd6 41. c4 Rg6 42. c5 Bf4 43. Rxg6+ Kxg6 44. b5 h4 45. b6 cxb6 46. cxb6 Bh2 47. b7 g4 48. Rd8 Ng5 49. Rg8+ Kf5 50. Rxg5+ Ke4 51.
Rg8 g3 52. b8=Q g2+ 53. Kxg2 Bxb8 54. Rxb8 1-0

[Event "*** SCC Grand Prix: Titled Tuesday Blitz"]
[Site "Chess.com"]
[Date "2020.10.06"]
[Round "3"]
[White "Keithonsky"]
[Black "A-Fier"]
[Result "1-0"]
[WhiteElo "2581"]
[BlackElo "2775"]
[TimeControl "180+1"]
[EndTime "10:28:17 PDT"]
[Termination "Keithonsky won by resignation"]

1. d4 Nf6 2. c4 c5 3. d5 e6 4.
Nc3 exd5 5. cxd5 d6 6. Nf3 g6 7. h3 Bg7 8. Bf4 O-O 9. e3 Na6 10. Be2 Nc7 11. O-O Re8 12. a4 Ne4 13. Qb3 b6 14.
Rfd1 Rb8 15. Nb5 a6 16. Na7 Qd7 17. Nxc8 Rexc8 18. Nd2 Nxd2 19. Rxd2 b5 20. axb5 axb5 21. Ra7 Ra8 22. Rb7 Rcb8 23. Rxb8+ Rxb8 24. e4 Re8 25. f3 h5 26. Rd1 Qe7 27. Qc2 Bd4+ 28. Kh1 Be5 29.
Bxe5 Qxe5 30. b3 h4 31. Qd2 Ra8 32. Qe1 g5 33. Qd2 f6 34. Bf1 Kg7 35. Rc1 b4 36.
Bc4 Kg6 37. Rf1 Qf4 38. Qc2 Kh6 39. Re1 Ne8 40. Qb2 Ng7 41. Ra1 Rf8 42. Qc1 Qxc1+ 43. Rxc1 Ra8 44. Kg1 Ra2 45. Re1 Nh5 46. Re2 Ra1+ 47.
Kf2 Nf4 48. Rd2 Kg6 49. Bf1 f5 50. e5 Ra8 51. exd6 Rd8 52. Rc2 Rxd6 53. Rxc5 Rxd5 54. Rxd5 Nxd5 55. g3 f4 56. Bd3+ Kf6 57. gxh4 gxh4 58. Bc4 Nc3 59. Ke1 Ke5 60. Kd2 Kd4 61. Be6 Nb5 62. Bd7 Nd6 63. Be6 Nb7 64. Bc4 Nc5 65. Bf7 Nd7 66. Bg6 Ne5 67. Be4 Nf7 68. Bf5 Ng5 69. Bg4 Nh7 70. Bd7 Nf6 71. Be6 Nh5 72. Bc8 Ng3 73. Ba6 Nf1+ 74. Bxf1 1-0

[Event "*** SCC Grand Prix: Titled Tuesday Blitz"]
[Site "Chess.com"]
[Date "2020.10.06"]
[Round "3"]
[White "Chessdreamer2020"]
[Black "BeanScreen"]
[Result "1-0"]
[WhiteElo "2452"]
[BlackElo "2664"]
[TimeControl "180+1"]
[EndTime "10:28:18 PDT"]
[Termination "Chessdreamer2020 won by checkmate"]

1. e4 e5 2. Nf3 Nc6 3. Bb5 a6 4. Bxc6 dxc6 5. O-O Qd6 6. Na3 Be6 7. Qe2 f6 8. c3 O-O-O 9. Rd1 c5 10. d4 cxd4 11.
cxd4 Bg4 12. Be3 Qe6 13. dxe5 Rxd1+ 14. Rxd1 Bxa3 15. bxa3 fxe5 16. h3 Bh5 17. Bc1 Nf6 18.
Bb2 Qxa2 19. g4 Bg6 20. Nxe5 Bxe4 21. g5 Nh5 22. Qxe4 Rf8 23. Qg4+ Kb8 24. Nd7+ Ka8 25. Nxf8 Qxb2 26. Rd8+ Ka7 27. Qd4+ Qxd4 28. Rxd4 c5 29. Rd6 Nf4 30. Kh2 c4 31. Ne6 Nd3 32. Kg2 Ne1+ 33. Kf1 Nf3 34. Ke2 Ne5 35. f4 Ng6 36. f5 Ne5 37. f6 gxf6 38. gxf6 c3 39. Rd5 Nc4 40.
Kd3 c2 41. Kxc2 Ne3+ 42. Kc1 Nxd5 43. f7 Nf4 44. f8=Q Nxe6 45. Qd6 Ng7 46. Qd4+ Kb8 47.
Qxg7 a5 48. Qxh7 a4 49. Qg6 Ka7 50. h4 b6 51. h5 Ka6 52. h6 Kb5 53. h7 Kc4 54.
h8=Q Kb3 55. Qd8 Kxa3 56. Qgd3+ Kb4 57. Q8d6+ Ka5 58. Q6d5+ Kb4 59. Q5b5# 1-0

[Event "*** SCC Grand Prix: Titled Tuesday Blitz"]
[Site "Chess.com"]
[Date "2020.10.06"]
[Round "3"]
[White "blitzking1729"]
[Black "GMaka"]
[Result "1/2-1/2"]
[WhiteElo "2539"]
[BlackElo "2371"]
[TimeControl "180+1"]
[EndTime "10:28:19 PDT"]
[Termination "Game drawn - insufficient material"]

1. d4 Nf6 2. Bg5 e6 3. Nd2 h6 4. Bh4 g5 5. Bg3 Bg7 6. e4 d6 7. c3 Nc6 8. h4 e5 9. hxg5 hxg5 10. Rxh8+ Bxh8 11. dxe5 dxe5 12. Ngf3 Ng8 13. Nc4 Qxd1+ 14.
Rxd1 f6 15. Ne3 Nge7 16. Bb5 Be6 17. Nd5 O-O-O 18. Bc4 Bxd5 19. exd5 Na5 20. b3 Nxc4 21. bxc4 Bg7 22. Nd2 f5 23. f3 c6 24. dxc6 Nxc6 25. Bf2 Rd3 26. Rc1 Bf8 27. Ke2 Rd7 28. g4 Rf7 29.
gxf5 Rxf5 30. Ne4 g4 31. fxg4 Rf4 32. Kd3 Rxg4 33. Rh1 Be7 34. Rh7 Rf4 35. Bxa7 Rf3+ 36. Be3 Rf1 37. Bc5 Bxc5 38. Nxc5 Rb1 39. Ne4 Ra1 40.
Nd6+ Kd8 41. Nxb7+ Ke8 42. Rc7 Ne7 43. Nd6+ Kf8 44. Ra7 Rd1+ 45. Ke4 Rxd6 46. c5 Re6 47. a4 Ke8 48. a5 Kd8 49. Rb7 Kc8 50. Rb6 Rxb6 51.
axb6 Kb7 52. Kxe5 Kc6 53. Ke6 Nc8 54. Kf7 Nxb6 55. cxb6 Kxb6 56. Ke6 Kc5 57. Ke5 Kc4 58. Ke4 Kxc3 1/2-1/2

[Event "*** SCC Grand Prix: Titled Tuesday Blitz"]
[Site "Chess.com"]
[Date "2020.10.06"]
[Round "3"]
[White "Alexander_Moskalenko"]
[Black "tornikesanikidze"]
[Result "1-0"]
[WhiteElo "2807"]
[BlackElo "2598"]
[TimeControl "180+1"]
[EndTime "10:28:21 PDT"]
[Termination "Alexander_Moskalenko won on time"]

1. d4 d5 2. c4 e6 3. Nf3 Nf6 4. g3 dxc4 5. Bg2 Nc6 6. Qa4 Bb4+ 7. Bd2 Nd5 8. Bxb4 Nxb4 9. O-O Rb8 10. Na3 O-O 11.
Qb5 b6 12. Qxc4 Ba6 13. Nb5 Qd5 14. Qxd5 Nxd5 15. a4 Na5 16. Ne5 Rbd8 17. Nxa7 Nb4 18. Rac1 Rxd4 19. Rxc7 Bxe2 20. Rfc1 f6 21. Nec6 Naxc6 22. Nxc6 Nxc6 23. R7xc6 Rfd8 24. h4 Rb4 25. Bh3 e5 26.
Be6+ Kf8 27. Rc7 Bh5 28. b3 Rbd4 29. Rb7 Bf3 30. Rf7+ Ke8 31. Kh2 Rd1 32. Rxd1 Rxd1 33. g4 Bc6 34. f3 Bxf3 35. Rxg7 e4 36. Kg3 h5 37. g5 fxg5 38. hxg5 h4+ 39. Kf4 Rf1 40.
Ke3 Re1+ 41. Kf4 Rf1 42. Bc4 Rg1 43. g6 Bh5 44. Bf7+ Kf8 45. Rh7 Bxg6 46. Bxg6 Rxg6 47. Rxh4 e3 48. Rh2 Re6 49. Re2 Rc6 50. Rxe3 Kf7 51.
Ke5 Ke7 52. Kd5+ Kd7 53. Re7+ Kxe7 54. Kxc6 b5 55. Kxb5 1-0

[Event "*** SCC Grand Prix: Titled Tuesday Blitz"]
[Site "Chess.com"]
[Date "2020.10.06"]
[Round "3"]
[White "aloe_normansen"]
[Black "Borsuk_Konstantin"]
[Result "0-1"]
[WhiteElo "2368"]
[BlackElo "2553"]
[TimeControl "180+1"]
[EndTime "10:28:21 PDT"]
[Termination "Borsuk_Konstantin won by resignation"]

1. e4 e6 2. d4 d5 3. Nc3 Bb4 4. e5 b6 5. a3 Bf8 6. h4 Ne7 7. Bd3 Ba6 8. Bxa6 Nxa6 9. Qd3 Nb8 10. Nge2 a6 11. h5 h6 12. Ng3 c5 13. Nce2 cxd4 14.
Nxd4 Nbc6 15. c3 Nxe5 16. Qe2 N5c6 17. Be3 Nxd4 18. Bxd4 Nc6 19. O-O-O Nxd4 20. Rxd4 Be7 21. Rg4 Bf6 22. Nf5 Kf8 23. Ne3 b5 24. Kb1 Qd7 25. f4 Qc6 26. f5 Re8 27. fxe6 Qxe6 28. Re1 Bg5 29. Qd3 Bxe3 30. Rg3 Qe4 31. Qxe4 dxe4 32. Rgxe3 f5 33. g4 Kf7 34. gxf5 Kf6 35. Rxe4 Rxe4 36.
Rxe4 Kxf5 37. Re7 g5 38. hxg6 Kxg6 39. Re6+ Kf5 40. Rxa6 h5 41. Rb6 h4 42. Rxb5+ Kf4 43. Rd5 h3 44. Kc2 h2 45. Rd4+ Ke3 46. Rd1 h1=Q 47.
Rxh1 Rxh1 48. b4 Rh2+ 49. Kb3 Kd3 50. c4 Rc2 51. c5 Rc3+ 52. Ka4 Kd4 53. c6 Rxc6 54.
Kb5 Rc8 55. Ka6 Ra8+ 56. Kb7 Rxa3 57. b5 Kc5 58. b6 Rb3 0-1

[Event "*** SCC Grand Prix: Titled Tuesday Blitz"]
[Site "Chess.com"]
[Date "2020.10.06"]
[Round "3"]
[White "Bulldog167"]
[Black "Kavyev_Ruslan"]
[Result "0-1"]
[WhiteElo "2780"]
[BlackElo "2587"]
[TimeControl "180+1"]
[EndTime "10:28:22 PDT"]
[Termination "Kavyev_Ruslan won by checkmate"]

1. d4 Nf6 2. c4 g6 3. Nc3 d5 4. Nf3 Bg7 5. Bg5 Ne4 6. cxd5 Nxg5 7. Nxg5 e6 8. Qd2 h6 9. Nf3 exd5 10. e3 O-O 11. b4 c6 12. Be2 Be6 13. O-O Nd7 14.
Rfc1 b5 15. a4 a6 16. a5 Re8 17. Nd1 Rc8 18. Nb2 f5 19. Nd3 Qe7 20. Rc3 Nf6 21. Rc2 Ne4 22. Qe1 Bd7 23. Nfe5 Qd6 24. Rac1 g5 25. Bh5 Rf8 26. Bf3 Kh7 27. g3 Be8 28.
Bg2 Rf6 29. Kh1 Qf8 30. f4 g4 31. Bxe4 fxe4 32. Nc5 Ra8 33. Ncd7 Qd6 34. Nxf6+ Bxf6 35. Nxc6 Rc8 36. Ne5 Rxc2 37. Rxc2 Be7 38. Rc5 Qd8 39. Qc3 Bxc5 40. Qxc5 h5 41. Kg2 h4 42. Kf2 hxg3+ 43. hxg3 Kg7 44. Ke2 Bf7 45. Qa7 Qf6 46. Kd2 Qe6 47.
Qb6 Qc8 48. Qc5 Qe6 49. Qc7 Qf5 50. Qe7 Qe6 51. Qg5+ Kf8 52. f5 Qd6 53. Kc3 Qc7+ 54. Kb3 Qc1 55. Qd8+ Kg7 56. Qg5+ Kf8 57. Qh6+ Kg8 58.
Qh2 Qxe3+ 59. Ka2 Qxd4 60. Nxg4 Qc4+ 61. Ka1 Qd4+ 62. Qb2 Qd1+ 63. Ka2 d4+ 64. Ka3 Qa4# 0-1

[Event "*** SCC Grand Prix: Titled Tuesday Blitz"]
[Site "Chess.com"]
[Date "2020.10.06"]
[Round "3"]
[White "nickmatta"]
[Black "FMJoseHerrera"]
[Result "1-0"]
[WhiteElo "2385"]
[BlackElo "2541"]
[TimeControl "180+1"]
[EndTime "10:28:23 PDT"]
[Termination "nickmatta won on time"]

1. d4 Nf6 2. c4 c5 3. d5 b5 4. cxb5 a6 5. e3 axb5 6. Bxb5 Qa5+ 7. Nc3 Bb7 8. Bd2 Qb6 9. Qb3 g6 10. e4 Bg7 11. Nf3 O-O 12. O-O d6 13. Rfe1 Na6 14.
e5 Ng4 15. e6 f5 16. Bg5 Nf6 17. Nd2 Nc7 18. Nc4 Qa7 19. Bc6 Rfb8 20. Qc2 Bxc6 21.
dxc6 Qa6 22. b3 Qxc6 23. Rad1 Rd8 24. h3 Nb5 25. Nxb5 Qxb5 26. Ne3 d5 27. Bxf6 Bxf6 28. Nxd5 Rxd5 29. Rxd5 Kg7 30. Rxc5 Qb4 31. Rc1 h5 32. a4 Rb8 33. Rb1 Qa3 34. a5 Bd4 35.
Rc4 Be5 36. Ra4 Qd6 37. a6 Ra8 38. a7 Qxe6 39. b4 Bd4 40. b5 Bxa7 41. Rba1 Bxf2+ 42. Qxf2 Rb8 43. Ra6 Qe5 44. Qa7 Rxb5 45. R6a5 Rxa5 46. Qxa5 Qd4+ 47. Kh1 e5 48. Qa7+ Qxa7 49. Rxa7+ Kf6 50. Kg1 Kg5 51. Kf1 Kf4 52. Ra4+ e4 53. Kg1 h4 54. Kf1 g5 55. Ra3 g4 56. Kf2 g3+ 57. Ke2 Ke5 58. Ra4 f4 59. Ra5+ Kd4 60. Rh5 f3+ 61.
gxf3 g2 62. Rg5 1-0

[Event "*** SCC Grand Prix: Titled Tuesday Blitz"]
[Site "Chess.com"]
[Date "2020.10.06"]
[Round "3"]
[White "SergeyShtyka"]
[Black "djano"]
[Result "1/2-1/2"]
[WhiteElo "2333"]
[BlackElo "2462"]
[TimeControl "180+1"]
[EndTime "10:28:23 PDT"]
[Termination "Game drawn by repetition"]

1. e4 g6 2. d4 Bg7 3. Nc3 a6 4. Nge2 b5 5. a3 Bb7 6. f3 d6 7. Be3 Nd7 8. Qd2 Rc8 9. h4 h6 10. h5 g5 11. f4 gxf4 12. Nxf4 c5 13. d5 Ngf6 14. Be2 b4 15. Nd1 Nxe4 16. Qd3 Ng3 17. Ne6 Ne5 18. Nxg7+ Kf8 19. Qd2 Kxg7 20. Bxh6+ Rxh6 21.
Qg5+ Kh7 22. Qxg3 Bxd5 23. Bxa6 Qg8 24. Bd3+ Kh8 25. Qf4 Qg7 26. Ne3 Nxd3+ 27. cxd3 Be6 28. O-O-O bxa3 29. bxa3 Rb8 30. Kd2 Rf6 31. Qh4 Rb2+ 32. Ke1 Rff2 33. Qxf2 Rxf2 34. Kxf2 Qf6+ 35. Ke2 Qe5 36. Kf2 Qf4+ 37. Ke2 Bg4+ 38. Nxg4 Qxg4+ 39. Kf2 Qf4+ 40. Ke2 Qe5+ 41. Kf2 Qd4+ 42. Ke2 Qb2+ 43.
Kf3 Qxa3 44. h6 c4 45. h7 Qa8+ 46. Kf2 c3 47. Rc1 Qa2+ 48. Ke3 Qd2+ 49. Kd4 e5+ 50.
Kd5 Qxd3+ 51. Kc6 e4 52. Ra1 Qc4+ 53. Kd7 Qe6+ 54. Kc7 Qc4+ 55. Kd7 Qe6+ 56. Kc6 Qc4+ 57. Kd7 1/2-1/2

[Event "*** SCC Grand Prix: Titled Tuesday Blitz"]
[Site "Chess.com"]
[Date "2020.10.06"]
[Round "3"]
[White "Semetey"]
[Black "bgfbfbgfbgfgf"]
[Result "1-0"]
[WhiteElo "2480"]
[BlackElo "2774"]
[TimeControl "180+1"]
[EndTime "10:28:24 PDT"]
[Termination "Semetey won by checkmate"]

1. d4 Nf6 2. c4 e6 3. Nc3 d5 4.
cxd5 exd5 5. Bg5 c6 6. e3 Bd6 7. Bd3 O-O 8. Qc2 h6 9. Bh4 Re8 10. Nge2 a5 11. h3 Nbd7 12. g4 Nf8 13. Rg1 Ne6 14. O-O-O b5 15. f4 b4 16. Na4 g5 17.
fxg5 hxg5 18. Bg3 Bf8 19. Be5 c5 20. Rdf1 Bg7 21. Nxc5 Nxc5 22. Qxc5 Bxg4 23. Bc7 Rc8 24. Bxd8 Rxc5+ 25. dxc5 Bxe2 26. Bxe2 Rxd8 27. Rxg5 Ne4 28. Rg4 Kf8 29. c6 Bh6 30. Rf3 Rc8 31. Bb5 Ke7 32.
Kc2 Nd6 33. Ba4 Nc4 34. Rgg3 Ne5 35. Rf5 Ke6 36. Rh5 Bf8 37. b3 Bc5 38. Kd2 Ng6 39. Ke2 Kd6 40. Rgg5 Ne7 41. Rh6+ Ng6 42. Rf5 Ke6 43. Rf3 Be7 44. h4 Bxh4 45. Rh3 Bf6 46. R3h5 Ne5 47. Bb5 Ke7 48. Rh3 Nxc6 49. Rf3 Ne5 50.
Rfxf6 Rc2+ 51. Kd1 Rxa2 52. Ra6 Ng4 53. Rh8 Nxe3+ 54.
Kc1 Rc2+ 55. Kb1 Rc3 56. Re8# 1-0

[Event "*** SCC Grand Prix: Titled Tuesday Blitz"]
[Site "Chess.com"]
[Date "2020.10.06"]
[Round "3"]
[White "ferdipy"]
[Black "rase"]
[Result "1-0"]
[WhiteElo "2382"]
[BlackElo "2535"]
[TimeControl "180+1"]
[EndTime "10:28:27 PDT"]
[Termination "ferdipy won on time"]

1. e4 c5 2. d4 cxd4 3. c3 d3 4. c4 Nc6 5. Bxd3 g6 6. Nf3 Bg7 7. O-O d6 8. h3 Nf6 9. Nc3 Nd7 10. Qe2 Nde5 11. Bc2 Nxf3+ 12. Qxf3 Nd4 13. Qd1 Nxc2 14. Qxc2 O-O 15. Be3 Be6 16. b3 a6 17. Rac1 Rc8 18.
Qe2 Qa5 19. Nd5 Bxd5 20. exd5 b5 21. c5 dxc5 22. Bxc5 Bh6 23. Rc2 Rfe8 24. b4 Qa4 25. Re1 Bf4 26. g3 Bd6 27. Rec1 Rcd8 28. Qf3 a5 29. a3 axb4 30. axb4 Ra8 31. Bxd6 exd6 32. Rc7 Rf8 33. Qg4 h5 34. Qd4 Rae8 35. Rb7 Re5 36. Rcc7 Qb3 37. Rxb5 Qb1+ 38. Kg2 Re1 39. Rbb7 Rg1+ 40.
Kf3 Qf5+ 41. Qf4 Qxd5+ 42. Qe4 Qd1+ 43. Qe2 Qb3+ 44. Qe3 Qd5+ 45. Qe4 Qa2 46. Qc4 Qxc4 47. Rxc4 Rb1 48. Rd7 Rb8 49. Rf4 f5 50. Rxd6 Kg7 51. Rd7+ Kh6 52. h4 R1xb4 53. Rxb4 Rxb4 54. Rd3 Re4 55. Re3 Rxe3+ 56. Kxe3 Kg7 57. Kd4 1-0

[Event "*** SCC Grand Prix: Titled Tuesday Blitz"]
[Site "Chess.com"]
[Date "2020.10.06"]
[Round "3"]
[White "KarstenHansch"]
[Black "Grandelicious"]
[Result "1-0"]
[WhiteElo "2479"]
[BlackElo "2784"]
[TimeControl "180+1"]
[EndTime "10:28:28 PDT"]
[Termination "KarstenHansch won by resignation"]

1. e4 c5 2. Nf3 e6 3. c3 Nf6 4.
e5 Nd5 5. g3 d6 6. exd6 Bxd6 7.
Bg2 O-O 8. O-O Nc6 9. d4 cxd4 10.
Nxd4 Nxd4 11. Qxd4 Qc7 12. c4 Nb4 13. Na3 Bd7 14. Rd1 Bc5 15. Qxd7 Qb6 16. Rf1 a6 17. Qxb7 Qa5 18. Be3 Bxe3 19. fxe3 Rab8 20. Qe4 Qa4 21. Nb1 Qc2 22. Nc3 Qxb2 23. Na4 Qa3 24. Nc5 Rbd8 25. Rad1 Rxd1 26. Rxd1 Qxa2 27. Nd7 Qa4 28. Qb1 Re8 29. Nc5 Qa3 30. Qb3 Qa5 31. Nb7 Qh5 32. Rd8 Rxd8 33. Nxd8 a5 34. Nc6 Qc5 35. Nxb4 axb4 36. Kf2 g6 37.
Ke2 Qh5+ 38. Kf2 Qf5+ 39. Bf3 Qc5 40. Qd3 Qb6 41. Qd4 Qa5 42. c5 b3 43. c6 Qa2+ 44. Be2 Qc2 45. Qd3 Qxc6 46. Qxb3 Qh1 47. Qb8+ Kg7 48.
Qe5+ Kg8 49. g4 Qb1 50. h4 Qh1 51. h5 Qh4+ 52. Kf1 Qh3+ 53. Kf2 Qh4+ 54. Kf1 Qh3+ 55.
Ke1 Qh1+ 56. Kd2 Qb1 57. h6 Qb4+ 58. Kd1 Qf8 59. g5 Qd8+ 60. Ke1 Qa5+ 61. Qxa5 1-0

[Event "*** SCC Grand Prix: Titled Tuesday Blitz"]
[Site "Chess.com"]
[Date "2020.10.06"]
[Round "3"]
[White "ChainsOfFantasia"]
[Black "Kacparov"]
[Result "0-1"]
[WhiteElo "2452"]
[BlackElo "2745"]
[TimeControl "180+1"]
[EndTime "10:28:28 PDT"]
[Termination "Kacparov won by resignation"]

1. c4 Nf6 2. Nc3 e5 3. g3 d5 4.
cxd5 Nxd5 5. Bg2 Nb6 6. Nf3 Bd6 7. O-O O-O 8. a3 a5 9. d3 Nc6 10. Rb1 Bg4 11. Be3 Re8 12. h3 Bh5 13. Bxb6 cxb6 14. Ne4 Bf8 15. Qd2 f6 16. Rfd1 b5 17.
g4 Bf7 18. e3 b4 19. axb4 Bxb4 20. Qe2 Bb3 21. Rdc1 Qe7 22. d4 exd4 23. Nxd4 Nxd4 24. exd4 Kh8 25. Qd3 Bf7 26. Nc5 Bg6 27. Qb5 Bxb1 28. Rxb1 Rad8 29. Nxb7 Rxd4 30. Nxa5 Bxa5 31. Qxa5 Qb4 32.
Qxb4 Rxb4 33. Bd5 Rd8 34. Bf7 g6 35. b3 Rd2 36. Bc4 Rc2 37. Rd1 Rb7 38. Kg2 Kg7 39.
Kg3 Rc3+ 40. f3 Re7 41. Rd3 Rxd3 42. Bxd3 Re3 43. Bc4 Rc3 44. Kf4 Kf8 45. h4 Ke7 46. g5 f5 47. Bg8 Kf8 48. Bc4 Rc1 49. Bd5 Rd1 50. Bc4 Rd4+ 51. Kg3 Kg7 52. Be6 h6 53. Bc4 h5 54. Be6 Kf8 55. Bc4 Ke7 56. Bg8 Rb4 57. Bc4 Rb8 58. Kf4 Kd6 59. Ke3 Re8+ 60.
Kf4 Re7 61. b4 Rc7 62. Bd3 Kd5 63. b5 Kd4 64. Bf1 Rc1 65. Be2 Re1 66. b6 Rxe2 67. b7 Rb2 0-1

[Event "*** SCC Grand Prix: Titled Tuesday Blitz"]
[Site "Chess.com"]
[Date "2020.10.06"]
[Round "3"]
[White "Blagorod"]
[Black "Rakesh"]
[Result "0-1"]
[WhiteElo "2179"]
[BlackElo "2494"]
[TimeControl "180+1"]
[EndTime "10:28:31 PDT"]
[Termination "Rakesh won on time"]

1. e4 c5 2. Nc3 a6 3. g3 e6 4. Bg2 b5 5. d3 Bb7 6. f4 d5 7. exd5 Nf6 8. Nf3 b4 9. Ne4 Bxd5 10. Nxf6+ Qxf6 11. O-O Nc6 12. Re1 Bd6 13. c3 O-O 14. c4 Bxf3 15. Bxf3 Rac8 16. Rb1 Rfd8 17. b3 Nd4 18.
Bg2 e5 19. fxe5 Bxe5 20. Rf1 Qe7 21. Bd5 Rf8 22. Qg4 Rcd8 23. Bg5 Qd6 24. Bxd8 Qxd8 25. Rbe1 Qd6 26. Bxf7+ Rxf7 27. Rxf7 Kxf7 28. Qh5+ Kf8 29.
Rf1+ Bf6 30. Qxh7 Qe5 31. Qh8+ Kf7 32. Qc8 Qe3+ 33. Rf2 Nf3+ 34. Kg2 Ne5 35. Qb7+ Kg6 36. Qe4+ Qxe4+ 37. dxe4 Kf7 38. Rd2 Ke6 39. Rd5 Be7 40. h4 Nc6 41. Kh3 Nd4 42. h5 Ne2 43. Rd2 Nc3 44.
g4 Bg5 45. Rf2 Nxe4 46. Re2 Ke5 47. Re1 Kd4 48. Re2 Nc3 49. Rf2 Be3 50. Rf7 Bh6 51. Kh4 Ne4 52. Rd7+ Ke5 53. Ra7 Bg5+ 54. Kh3 Bf6 55. Rxa6 Kd4 56. Kg2 Ke3 57. Kh3 Kf4 58. Rc6 Kg5 0-1

[Event "*** SCC Grand Prix: Titled Tuesday Blitz"]
[Site "Chess.com"]
[Date "2020.10.06"]
[Round "3"]
[White "boasovietica"]
[Black "DrMamaliga"]
[Result "1/2-1/2"]
[WhiteElo "2465"]
[BlackElo "2330"]
[TimeControl "180+1"]
[EndTime "10:28:34 PDT"]
[Termination "Game drawn - insufficient material"]

1. e4 d6 2. d4 Nf6 3. f3 c5 4. Ne2 e6 5. Nbc3 d5 6. e5 Nfd7 7. f4 Nc6 8. Be3 Qb6 9. Rb1 cxd4 10. Nxd4 Bc5 11. Na4 Qa5+ 12. c3 Bxd4 13. Bxd4 Nxd4 14. Qxd4 b6 15. Bd3 Ba6 16. Bc2 Nc5 17. Kf2 Nxa4 18.
Bxa4+ Bb5 19. Bb3 Rc8 20. h4 Bc4 21. h5 h6 22. Rh3 Qc5 23. Qxc5 Rxc5 24. Bxc4 Rxc4 25.
Ke3 Re4+ 26. Kf3 Ke7 27. Rg3 Rg8 28. Rd1 g5 29. hxg6 fxg6 30. Rd4 Re1 31. Ra4 a5 32. Rh3 h5 33. Rg3 Rf1+ 34. Ke3 Rf8 35. Rxg6 Re1+ 36. Kd2 Rf1 37. g3 h4 38. gxh4 R1xf4 39. Rxf4 Rxf4 40. Rg7+ Kd8 41. Rb7 Rxh4 42. Rxb6 Kd7 43. Rd6+ Ke7 44.
Ra6 a4 45. Ra7+ Ke8 46. b4 axb3 47. axb3 Re4 48. Kd3 Rxe5 49. Kd4 Re1 50. Rc7 Kd8 51. Rh7 Rb1 52. b4 Rb3 53. Rg7 e5+ 54. Kxe5 Rxc3 55. Kxd5 Kc8 56. Rg8+ Kb7 57. Rg6 Rc1 58. Rd6 Rd1+ 59.
Kc5 Rxd6 60. Kxd6 Kb6 61. Kd5 Kb5 62. Kd6 Kxb4 1/2-1/2